 Dungeon Crawl Stone Soup version 0.27-a0-416-gca2cecf3c0 (webtiles) character file.

Game seed: 4615124849058360207

9 dickylongcocking the Sneak (level 2, -2/14 HPs)
             Began as a Felid Delver on Feb 25, 2021.
             Slain by an orc
             ... wielding a +0 flail
              (5 damage)
             ... on level 4 of the Dungeon.
             The game lasted 00:00:31 (384 turns).

dickylongcocking the Sneak (Felid Delver)            Turns: 384, Time: 00:00:32

Health: -2/14      AC:  1    Str:  8    XL:     2   Next: 6%
Magic:  3/3        EV: 18    Int: 11    God:
Gold:   71         SH:  0    Dex: 17    Spells: 1/1 levels left
                                        Lives:  0   Deaths: 0

rFire    . . .     SeeInvis +     - Unarmed
rCold    . . .     Faith    .   (shield unavailable)
rNeg     . . .     Spirit   .   (armour unavailable)
rPois    .         Reflect  .   (helmet unavailable)
rElec    .         Harm     .   (cloak unavailable)
rCorr    .         Rampage  .   (gloves unavailable)
Will     .....                  (boots unavailable)
Stlth    ++++......             (no amulet)
HPRegen  0.04/turn              (no ring)
MPRegen  0.08/turn              (no ring)

@: quick
A: very small, no armour, no weapons or thrown items, stealth, claws 1, fangs 3,
see invisible, speed 1, shaggy fur 1, sharp paws
a: no special abilities


You were on level 4 of the Dungeon.
You visited 1 branch of the dungeon, and saw 2 of its levels.

You collected 71 gold pieces.

Inventory:

Wands
 e - a wand of digging (3)
Scrolls
 a - a scroll of fog
Potions
 d - a potion of haste
 f - a potion of degeneration {unknown}


   Skills:
 - Level 3.0 Fighting
 - Level 2.6 Dodging
 - Level 6.6 Stealth
 * Level 2.8 Unarmed Combat


You had one spell level left.
You didn't know any spells.
Your spell library was empty.

Dungeon Overview and Level Annotations

Branches:
Dungeon (5/15)
 Temple: D:4-7

Altars:

Annotations:
D:4 Menkaure
D:5 2 transporters, Shayle's ghost, novice DsWr


Innate Abilities, Weirdness & Mutations

You cannot wear armour.
You are incapable of wielding weapons or throwing items.
Your paws allow you to move quietly. (Stealth)
You have sharp claws.
You have razor-sharp teeth.
You have supernaturally acute eyesight. (SInv)
You cover ground quickly.
You are covered in fur. (AC +1)
Your sharp claws are effective at attacking unaware monsters.


Message History

Found an escape hatch in the ceiling.
A frilled lizard is nearby!
A frilled lizard is nearby!
A frilled lizard is nearby!
The helpless frilled lizard fails to defend itself.
You mangle the frilled lizard!!
You kill the frilled lizard!
You see here a frilled lizard corpse.
There is an escape hatch in the ceiling here.
A mysterious force pulls you upwards. The hatch slams shut behind you.
Menkaure shouts! 3 orcs come into view.
Found 15 gold pieces.
There are monsters nearby!
The orc shouts!
You scratch the orc but do no damage. The orc closely misses you.
You scratch the orc.
The orc is almost dead.
The orc hits you with a +0 hand axe!
Ouch! That really hurt!
* * * LOW HITPOINT WARNING * * *
Unknown command.
Found a plate armour.
Okay, then.
Found 8 gold pieces.
As you read the scroll of magic mapping, it crumbles to dust.
You feel aware of your surroundings.
A dart slug comes into view.
You scratch the dart slug.
The dart slug is heavily wounded.
The dart slug launches a dart at you. The slug dart misses you.
The slug dart misses the orc.
The slug dart hits the orc.
You scratch the dart slug but do no damage.
The dart slug is heavily wounded.
The dart slug closely misses you.
You scratch the dart slug.
You kill the dart slug!
The orc hits you with a +0 flail.
You die...

*,,* ##*,
**,***##.#*
***,**
*...M#
**,,**
*.*#.$ *,,**
##.**#. ###*
**,,*###.#*
*# *#..#*
**,,,..[# ##
*,#..##
*****#.####.
****#@##
##o..oo#
##o##
##.######
#.o## ##o##
##$.####.##
##..##.##
##.o.##
#####


You could see 3 orcs.

Vanquished Creatures
  A white imp (D:5)
  A dart slug (D:4)
  A jackal (D:5)
  A ball python (D:5)
  A frilled lizard (D:5)
5 creatures vanquished.

Notes
Turn   | Place    | Note
-------+----------+-------------------------------------------
     0 | D:5      | dickylongcocking the Felid Delver began the quest for the
                  | Orb.
     0 | D:5      | Reached XP level 1. HP: 10/10 MP: 2/2
   162 | D:5      | Reached XP level 2. HP: 14/14 MP: 3/3
   240 | D:5      | Found a transporter.
   252 | D:5      | Found a transporter.
   252 | D:5      | Noticed Shayle's ghost (novice DsWr)
   268 | D:5      | Noticed an ogre
   360 | D:4      | Noticed Menkaure
   384 | D:4      | Slain by an orc

Illustrated notes

Levels and vault maps discovered:
D:4:      layout_layer_cave, uniq_eustachio, uniq_menkaure
D:5:      layout_layer_cave, gammafunk_ghost_mausoleum, minmay_crossroads

Action                   || total
-------------------------++-------
Melee: Unarmed           ||    12
  Use: Scroll            ||     2
 Stab: Sleeping          ||     3
Armor: Skin              ||     1
Dodge: Dodged            ||     7

Table legend: (Time is in decaauts)
 A = Elapsed time spent in this place.
 B = Non-inter-level travel time spent in this place.
 C = Inter-level travel time spent in this place.
 D = Time resting spent in this place.
 E = Time spent auto-exploring this place.
 F = Levels seen in this place.
 G = Mean time per level.
                   A        B        C        D        E       F      G
               +--------+--------+--------+--------+--------+-----+--------+
         Total |    311 |    311 |      0 |      0 |    194 |   2 |  155.5 |
       Dungeon |    311 |    311 |      0 |      0 |    194 |   2 |  155.5 |
               +--------+--------+--------+--------+--------+-----+--------+

Top non-repeatable levels by time:
     D:5: 291 daAuts
     D:4: 20 daAuts
